 Dungeon Crawl Stone Soup version 0.23.0 (webtiles) character file.

Game seed: 7137370650228364696

38033 Torikoriko the Grappler (level 13, -3/123 HPs)
             Began as a Troll Gladiator on Feb 13, 2019.
             Was a High Priest of Ru.
             Slain by a wolf (5 damage)
             ... while paralysed
             ... on level 6 of the Lair of Beasts.
             The game lasted 00:52:03 (18249 turns).

Torikoriko the Grappler (Troll Gladiator)          Turns: 18249, Time: 00:52:04

Health: -3/123     AC:  8    Str: 27    XL:     13   Next: 61%
Magic:  15/15      EV:  1    Int:  8    God:    Ru [*****.]
Gold:   954        SH:  0    Dex: 11    Spells: 12/12 levels left

rFire    . . .     SeeInvis .     - Unarmed
rCold    . . .     Gourm    +   O - +2 shield
rNeg     . . .     Faith    .   a - +0 robe
rPois    .         Spirit   .   l - +1 hat
rElec    .         Reflect  .   i - +0 cloak
rCorr    .         Harm     .   (gloves unavailable)
MR       +....                  (boots unavailable)
Stlth    ..........             m - amulet of rage
HPRegen  0.70/turn              D - ring of protection from magic
MPRegen  0.14/turn              E - +4 ring of strength

@: paralysed, berserk cooldown, slowed
A: large, unfitting armour, claws 3, fast metabolism 3, frail 1, gourmand,
regeneration 1, shaggy fur 1, tough skin 3, weak 1, no stealth, inability to
train armour, unskilled 1
a: Draw Out Power, Power Leap, Apocalypse, Renounce Religion, Evoke Berserk Rage


You were on level 6 of the Lair of Beasts.
You worshipped Ru.
Ru was extremely pleased with you.
You were very full.

You visited 2 branches of the dungeon, and saw 18 of its levels.
You also visited: Sewer and Gauntlet.

You collected 1269 gold pieces.
You spent 315 gold pieces at shops.

Inventory:

Missiles
 c - 8 throwing nets {!f}
 h - 4 javelins of returning
 j - 523 stones
 x - 4 javelins
 P - 5 large rocks (quivered)
Armour
 a - a +0 robe (worn)
 b - a +1 hat
 i - a +0 cloak (worn)
 l - a +1 hat (worn)
 O - a +2 shield (worn)
Jewellery
 m - an amulet of rage (around neck)
 D - a ring of protection from magic (left claw)
 E - a +4 ring of strength (right claw)
 F - an uncursed ring of see invisible
 K - an uncursed ring of magical power
 N - an uncursed ring of poison resistance
Wands
 o - a wand of acid (21)
 q - a wand of polymorph (14)
 t - a wand of iceblast (12)
 v - a wand of paralysis (39)
 w - a wand of digging (11)
 H - a wand of random effects (38)
 L - a wand of disintegration (15)
 S - a wand of clouds (4)
Scrolls
 f - 5 scrolls of teleportation
 g - 3 scrolls of enchant armour
 k - 3 scrolls of magic mapping
 n - 10 scrolls of remove curse
 p - 3 scrolls of fog
 r - 7 scrolls of identify
 s - 6 scrolls of blinking
 y - 5 scrolls of enchant weapon
 A - a scroll of fear
 C - a scroll of holy word
 R - a scroll of immolation {unknown}
 U - a scroll of vulnerability {unknown}
Potions
 e - 13 potions of curing
 u - 2 potions of heal wounds
 z - 2 potions of flight
 B - a potion of mutation
 G - 3 potions of haste
 I - a potion of invisibility {unknown}
 J - 2 potions of lignification
 M - 3 potions of agility
 Q - a potion of ambrosia
Miscellaneous
 T - a lamp of fire (inert)
Comestibles
 d - 37 rations
 V - 11 chunks of flesh


   Skills:
 + Level 11.0 Fighting
 - Level 1.5 Throwing
 - Level 2.1 Dodging
 * Level 8.3 Shields
 + Level 13.0 Unarmed Combat
 - Level 5.0 Evocations


You had 12 spell levels left.
You didn't know any spells.
Your spell library contained the following spells:

 Spells                   Type           Power        Failure   Level  Hunger
 Apportation              Tloc           #.....       43%         1    ##.....
 Beastly Appendage        Tmut           #.....       43%         1    ##.....
 Confusing Touch          Hex            #.....       43%         1    ##.....
 Corona                   Hex            #......      43%         1    ##.....
 Summon Butterflies       Summ           #.......     43%         1    ##.....
 Summon Small Mammal      Summ           #...         43%         1    ##.....
 Call Imp                 Summ           #.......     58%         2    ###....
 Ensorcelled Hibernation  Hex/Ice        #.....       58%         2    ###....
 Sticks to Snakes         Tmut           #.......     58%         2    ###....
 Call Canine Familiar     Summ           #.......     82%         3    ####...
 Confuse                  Hex            #.......     82%         3    ####...
 Dazzling Spray           Conj/Hex       #.....       82%         3    ####...
 Gell's Gravitas          Tloc           #.........   82%         3    ####...
 Lesser Beckoning         Tloc           #.........   82%         3    ####...
 Spider Form              Tmut/Pois      #.........   82%         3    ####...
 Summon Guardian Golem    Hex/Summ       #.......     82%         3    ####...
 Tukima's Dance           Hex            #.......     82%         3    ####...
 Ice Form                 Ice/Tmut       #.......     99%         4    #####..
 Petrify                  Tmut/Erth      #.......     99%         4    #####..
 Summon Ice Beast         Ice/Summ       #.......     99%         4    #####..
 Summon Lightning Spire   Summ/Air       #.......     99%         4    #####..
 Alistair's Intoxication  Tmut/Pois      #.......     100%        5    ######.
 Blade Hands              Tmut           #.........   100%        5    ######.
 Metabolic Englaciation   Hex/Ice        #.........   100%        5    ######.
 Yara's Violent Unravell  Hex/Tmut       #.........   100%        5    ######.
 Invisibility             Hex            #.......     100%        6    #######


Dungeon Overview and Level Annotations

Branches:
Dungeon (12/15)            Temple (0/1) D:4            Lair (6/6) D:11
 Shoals (0/4) Lair:4        Snake (0/4) Lair:2        Slime (0/5) Lair:5
    Orc (0/2) D:11

Altars:
Dithmenos
Elyvilon
Makhleb
Qazlal
Ru
Sif Muna
Trog
Wu Jian
Jiyva

Shops:
D:5 [   D:6 ?   D:7 !

Annotations:
D:8 1 runed translucent door, Jaiteiro's ghost, novice TrFi
Lair:5 1 runed translucent door


Innate Abilities, Weirdness & Mutations

You are too large for most types of armour.
You have claws for hands.
Your metabolism is lightning-fast.
You are frail. (-10% HP)
You like to eat raw meat.
Your natural rate of healing is unusually fast.
You are covered in fur. (AC +1)
You have extremely tough skin. (AC +3)
You are weak. (Str -2)
You cannot be stealthy.
You cannot train Armour skill.
You are somewhat unskilled. (-1 Apt)


Message History

You redirect the wolf's attack!
The wolf closely misses the wolf.
The wolf bites you.
* * * LOW HITPOINT WARNING * * *
The wolf is stunned by your will and fails to attack.
The dream sheep shake their wool and sparkle.
You feel drowsy...
You can't fall asleep in your current state!
The wolf bites you.
* * * LOW HITPOINT WARNING * * *
The wolf bites you but does no damage. The wolf bites you but does no damage.
The wolf bites you.
* * * LOW HITPOINT WARNING * * *
You focus your will and slow the wolf in retribution!
You redirect the wolf's attack!
The wolf bites the water moccasin.
The wolf bites you.
* * * LOW HITPOINT WARNING * * *
The wolf bites you but does no damage. The wolf bites you.
* * * LOW HITPOINT WARNING * * *
You focus your will and slow the wolf in retribution!
The wolf bites you.
You die...

### ##.# #### ##..## ###
###.#.#####....# ##.##
........#.P....######.#.#
.................P....(.#
........S................
.#...†hhh......#.#..<..P
...P.DYh@h.#.......#...##
.....t.hFY.P..........<÷.
..###PPY...............÷.
D #...............P<...
#P..............P....÷
P........##............
P.P.......######.#..#...
......###.. #####....
##...


You could see a six-headed hydra, a spiny frog (paralysed), a water moccasin, a
crocodile, 6 wolves and 3 dream sheep.

Vanquished Creatures
  4 hydras
  A catoblepas (Lair:5)
  Erica (D:10)
  A death knight (D:11)
  A two-headed ogre (D:8)
  Urug (Lair:3)
  An unseen horror (D:11)
  3 orc knights
  5 ugly things
  A manticore (Lair:4)
  A cyclops (D:11)
  4 elephants (Lair:5)
  A black mamba (Lair:6)
  9 spiny frogs
  4 freezing wraiths (D:12)
  5 komodo dragons
  A troll (D:9)
  Grinder (D:6)
  8 blink frogs
  A hornet (D:11)
  7 dream sheep (Lair:6)
  8 hippogriffs
  A wyvern (D:9)
  A human (D:11)
  35 yaks
  2 basilisks
  3 hungry ghosts
  2 hogs (D:11)
  Grum (D:9)
  5 nagas (Lair:2)
  3 wargs (D:11)
  6 water moccasins
  5 porcupines
  8 orc warriors
  5 ice beasts
  An eye of draining (D:8)
  A sky beast (D:6)
  4 phantoms
  7 ogres
  13 wolves
  6 centaurs
  6 crocodiles
  3 big kobolds
  2 gnoll sergeants (D:9)
  15 bullfrogs
  2 scorpions
  5 killer bees (D:10)
  8 wights
  An electric eel (D:9)
  5 crimson imps
  3 howler monkeys
  2 jellies
  A quasit (D:10)
  A gnoll shaman (D:9)
  2 bullfrog zombies
  A bullfrog skeleton (D:6)
  4 centaur skeletons
  11 hounds
  8 orc priests
  An iguana (D:11)
  Ijyb (D:4)
  11 orc wizards
  8 worker ants
  2 hound skeletons
  A hound zombie (D:9)
  A worker ant zombie (D:7)
  11 gnolls
  18 adders
  5 shadow imps
  9 oozes
  An adder zombie (D:7)
  2 adder skeletons
  4 worms
  3 dart slugs
  13 leopard geckos
  39 orcs
  15 ball pythons
  3 bats
  19 giant cockroaches
  7 goblins
  7 hobgoblins
  12 jackals
  23 kobolds
  3 quokkas
  16 frilled lizards
  A leopard gecko skeleton (D:4)
  A leopard gecko zombie (D:5)
  4 rats
499 creatures vanquished.

Vanquished Creatures (others)
  A yak (Lair:3)
  A hog (D:11)
  An orc (D:11)
  A kobold (D:11)
  3 fungi
  4 plants
11 creatures vanquished.

Grand Total: 510 creatures vanquished

Notes
Turn   | Place    | Note
-------+----------+-------------------------------------------
     0 | D:1      | Torikoriko the Troll Gladiator began the quest for the Orb.
     0 | D:1      | Reached XP level 1. HP: 19/19 MP: 0/0
   205 | D:1      | Reached XP level 2. HP: 28/28 MP: 1/1
   956 | D:2      | Reached XP level 3. HP: 36/36 MP: 2/2
  1635 | D:3      | Found a sacrificial altar of Ru.
  1638 | D:3      | Found a burning altar of Makhleb.
  1638 | D:3      | Found a bloodstained altar of Trog.
  1638 | D:3      | Found a white marble altar of Elyvilon.
  1638 | D:3      | Found an ornate altar of the Wu Jian Council.
  1639 | D:3      | Found a stormy altar of Qazlal.
  1657 | D:3      | Became a worshipper of Ru the Awakened
  1783 | D:3      | Found a burning altar of Makhleb.
  1783 | D:3      | Noticed a balrug
  1790 | D:3      | Noticed a neqoxec
  1790 | D:3      | Noticed a smoke demon
  1914 | D:3      | Reached XP level 4. HP: 34/44 MP: 3/3
  1929 | D:3      | Reached skill level 4 in Unarmed Combat
  1952 | D:3      | Found a glowing drain.
  1956 | Sewer    | Entered a sewer
  1994 | Sewer    | Reached skill level 1 in Evocations
  2144 | Sewer    | Reached XP level 5. HP: 49/53 MP: 4/4
  2365 | Sewer    | Reached XP level 6. HP: 46/61 MP: 6/6
  2368 | Sewer    | Reached skill level 5 in Unarmed Combat
  2381 | Sewer    | Gained mutation: You cannot be stealthy. [Ru sacrifice]
  2601 | D:3      | Found a faded altar of an unknown god.
  3417 | D:4      | Found a staircase to the Ecumenical Temple.
  3595 | D:4      | Reached XP level 7. HP: 47/70 MP: 6/8
  3687 | D:4      | Noticed Ijyb
  3708 | D:4      | Killed Ijyb
  4001 | D:5      | Entered Level 5 of the Dungeon
  4035 | D:5      | Found Qais's Armour Shop.
  4284 | D:5      | Gained mutation: You are somewhat unskilled. (-1 Apt) [Ru
                  | sacrifice]
  4284 | D:5      | Reached * piety under Ru
  4284 | D:5      | Reached ** piety under Ru
  4592 | D:5      | Found a shadowy altar of Dithmenos.
  4887 | D:5      | Found a deep blue altar of Sif Muna.
  5201 | D:6      | Reached XP level 8. HP: 79/79 MP: 9/9
  5437 | D:6      | Noticed a red ugly thing
  5449 | D:6      | Killed a red ugly thing
  5449 | D:6      | Reached skill level 5 in Fighting
  5449 | D:6      | Reached skill level 6 in Unarmed Combat
  5949 | D:6      | Noticed Grinder
  5970 | D:6      | Killed Grinder
  5970 | D:6      | Reached skill level 7 in Unarmed Combat
  5970 | D:6      | Reached XP level 9. HP: 88/88 MP: 11/11
  6075 | D:6      | Found Vorossat's Magic Scroll Boutique.
  6078 | D:6      | Bought a scroll of blinking for 105 gold pieces
  6617 | D:7      | Found Caprigh's Distillery.
  6626 | D:7      | Bought a potion of heal wounds for 70 gold pieces
  6626 | D:7      | Bought 2 potions of curing for 84 gold pieces
  6626 | D:7      | Bought a potion of agility for 56 gold pieces
  6674 | D:7      | Reached skill level 5 in Evocations
  6780 | D:7      | Gained mutation: You cannot train Armour skill. [Ru
                  | sacrifice]
  6780 | D:7      | Reached *** piety under Ru
  6962 | D:7      | Reached skill level 8 in Unarmed Combat
  7136 | D:7      | Found a shadowy altar of Dithmenos.
  7417 | D:8      | Noticed a two-headed ogre
  7425 | D:8      | Killed a two-headed ogre
  7425 | D:8      | Reached XP level 10. HP: 102/102 MP: 12/12
  7906 | D:8      | Found a runed translucent door.
  7908 | D:8      | Noticed Jaiteiro's ghost (novice TrFi)
  7931 | D:8      | Identified the +4 spear "Weote" {pierce, *Noise rC+ rN+
                  | Int+7}
  8466 | D:9      | Reached skill level 9 in Unarmed Combat
  8604 | D:9      | Noticed Grum
  8616 | D:9      | Killed Grum
  8847 | D:9      | Gained mutation: You are frail. (-10% HP) [Ru sacrifice]
  8847 | D:9      | Reached **** piety under Ru
  8847 | D:9      | Reached ***** piety under Ru
  8982 | D:9      | You fall through a shaft for 2 floors!
  8994 | D:11     | Found a staircase to the Orcish Mines.
  8996 | D:11     | Noticed an unseen horror
  9026 | D:10     | Entered Level 10 of the Dungeon
  9140 | D:11     | Noticed a white ugly thing
  9140 | D:11     | Noticed a brown ugly thing
  9148 | D:11     | Reached skill level 10 in Unarmed Combat
  9155 | D:11     | Killed a brown ugly thing
  9158 | D:11     | Killed a brown ugly thing
  9201 | D:11     | Found a gate leading to a gauntlet.
  9211 | Gauntlet | Entered a Gauntlet
  9211 | Gauntlet | Found a transporter.
  9211 | Gauntlet | Found a transporter.
  9213 | Gauntlet | Noticed a sixfirhy
  9220 | Gauntlet | Noticed a torpor snail
  9233 | Gauntlet | Found a transporter.
  9233 | Gauntlet | Found a transporter.
  9233 | Gauntlet | Found a transporter.
  9236 | Gauntlet | Found a transporter.
  9239 | Gauntlet | Noticed a worldbinder
  9242 | Gauntlet | Found a transporter.
  9245 | Gauntlet | Found a transporter.
  9247 | Gauntlet | Found a transporter.
  9249 | Gauntlet | Found a transporter.
  9261 | Gauntlet | Found a transporter.
  9261 | Gauntlet | Found a transporter.
  9261 | Gauntlet | Noticed an entropy weaver
  9269 | Gauntlet | Noticed a death scarab
  9270 | Gauntlet | Noticed a death scarab
  9438 | D:11     | Reached XP level 11. HP: 89/101 MP: 13/13
  9685 | D:9      | Got a twitching ruby amulet
  9687 | D:9      | Identified the amulet of Truth {Harm *Drain +Fly rC+ Str-2}
                  | (You found it on level 9 of the Dungeon)
 10431 | D:10     | Noticed an orc knight
 10448 | D:10     | Killed an orc knight
 10448 | D:10     | Reached skill level 11 in Unarmed Combat
 10470 | D:10     | Noticed an orc knight
 10472 | D:10     | Noticed a +3 great sword
 10477 | D:10     | Noticed Erica
 10498 | D:9      | Killed an orc knight
 10540 | D:10     | Killed Erica
 10561 | D:10     | Noticed an orc knight
 10686 | D:10     | Killed an orc knight
 11178 | D:11     | Reached skill level 1 in Shields
 11272 | D:11     | Killed an unseen horror
 11450 | D:11     | Found a staircase to the Lair.
 11768 | D:11     | Noticed a white ugly thing
 11778 | D:11     | Killed a white ugly thing
 11778 | D:11     | Reached XP level 12. HP: 113/113 MP: 14/14
 12384 | D:12     | Noticed a death knight
 12534 | D:11     | Killed a death knight
 12597 | D:12     | Reached skill level 10 in Fighting
 12869 | Lair:1   | Entered Level 1 of the Lair of Beasts
 13229 | Lair:1   | Noticed a five-headed hydra
 13233 | Lair:1   | Killed a six-headed hydra
 13233 | Lair:1   | Reached skill level 12 in Unarmed Combat
 13307 | Lair:1   | Reached skill level 5 in Shields
 14037 | Lair:2   | Found a staircase to the Snake Pit.
 14802 | Lair:3   | Noticed Urug
 14822 | Lair:3   | Killed Urug
 14965 | Lair:3   | Noticed an eight-headed hydra
 14979 | Lair:3   | Killed a 12-headed hydra
 15234 | Lair:3   | Gained mutation: You are weak. (Str -2) [Ru sacrifice]
 15708 | Lair:4   | Found a staircase to the Shoals.
 15713 | Lair:4   | Reached XP level 13. HP: 103/121 MP: 15/15
 17099 | Lair:5   | Found a runed translucent door.
 17100 | Lair:5   | Found a viscous altar of Jiyva.
 17100 | Lair:5   | Noticed an acid blob
 17101 | Lair:5   | Found a staircase to the Slime Pits.
 17101 | Lair:5   | Noticed an acid blob
 18124 | Lair:6   | Entered Level 6 of the Lair of Beasts
 18238 | Lair:6   | Reached skill level 13 in Unarmed Combat
 18249 | Lair:6   | HP: 6/123 [wolf (5)]
 18249 | Lair:6   | HP: 2/123 [wolf (4)]
 18249 | Lair:6   | Slain by a wolf

Skill      XL: |  1  2  3  4  5  6  7  8  9 10 11 12 13 |
---------------+----------------------------------------+-----
Fighting       | 2 3 4 5 7 8 9 10 11 | 11.0
Unarmed Combat | 4 5 7 8 10 11 12 13 | 13.0
Evocations     | 1 2 3 4 5 |  5.0
Shields        | 3 6 8 |  8.3
Throwing       | |  1.5
Dodging        | |  2.1

Action                   |  1- 3 |  4- 6 |  7- 9 | 10-12 | 13-15 || total
-------------------------+-------+-------+-------+-------+-------++-------
Melee: Unarmed           |    84 |   254 |   264 |   734 |   252 ||  1588
       Punch             |     2 |       |    12 |    17 |       ||    31
Throw: Stone             |     4 |       |       |       |       ||     4
       Javelin           |       |     3 |     5 |       |       ||     8
       Large rock        |       |       |       |     5 |     2 ||     7
Invok: Sacrifice Stealth |       |     1 |       |       |       ||     1
       Sacrifice Skill   |       |       |     1 |       |       ||     1
       Sacrifice Durabil |       |       |     1 |       |       ||     1
       Sacrifice Health  |       |       |       |     1 |       ||     1
       Reject Sacrifices |       |       |       |     1 |       ||     1
       Power Leap        |       |       |       |     2 |     2 ||     4
       Draw Out Power    |       |       |       |     1 |       ||     1
       Sacrifice Purity  |       |       |       |     1 |       ||     1
 Abil: Evoke Berserk Rag |       |     2 |     5 |    20 |     3 ||    30
Evoke: Wand              |       |       |     1 |     3 |     3 ||     7
       Phantom mirror    |       |       |       |     1 |       ||     1
       Lamp of fire      |       |       |       |       |     1 ||     1
  Use: Scroll            |     7 |       |     4 |    10 |       ||    21
       Potion            |       |       |       |     3 |       ||     3
 Stab: Sleeping          |       |     1 |       |       |       ||     1
       Paralysed         |       |       |     4 |     5 |     3 ||    12
       Distracted        |       |       |     1 |     3 |     2 ||     6
       Invisible         |       |       |       |     4 |     2 ||     6
  Eat: Chunk             |    20 |    20 |    40 |   107 |    25 ||   212
       Ration            |       |       |     1 |       |       ||     1
Armor: Robe              |    41 |   136 |    64 |   154 |    51 ||   446
Dodge: Dodged            |    37 |   127 |    97 |   197 |    64 ||   522
Block: Shield            |       |       |       |   156 |   131 ||   287
